 Dungeon Crawl Stone Soup version 0.21-a0-460-g737a915 (webtiles) character file.

65 slep the Slasher (level 4, 0/38 HPs)
             Began as a Barachi Monk on Nov 20, 2017.
             Slain by an adder (2 damage)
             ... on level 2 of the Dungeon.
             The game lasted 00:04:19 (725 turns).

slep the Slasher (Barachi Monk)                      Turns: 725, Time: 00:04:19

Health: 0/38       AC:  4    Str: 12      XL:     4   Next: 13%
Magic:  4/4        EV: 14    Int:  8 (11) God:
Gold:   63         SH:  0    Dex: 16 (18) Spells: 3/3 levels left

rFire    . . .     SeeInvis .   a - +0 falchion
rCold    . . .     Gourm    .   (no shield)
rNeg     . . .     Faith    .   f - +0 leather armour
rPois    .         Spirit   .   (no helmet)
rElec    .         Reflect  .   w - +0 cloak
rCorr    .         Harm     .   (no gloves)
MR       .....                  (no boots)
Stlth    ++........             (no amulet)
HPRegen  0.12/turn              q - +3 ring of dexterity
MPRegen  0.09/turn              (no ring)

@: hasted, quick
A: +LOS, swims, slowness 1, strong legs 1
a: Hop


You were on level 2 of the Dungeon.
You were not hungry.

You visited 1 branch of the dungeon, and saw 2 of its levels.

You collected 63 gold pieces.

Inventory:

Hand Weapons
 a - a +0 falchion (weapon)
Missiles
 g - 3 needles of paralysis
Armour
 b - a +0 robe
 f - a +0 leather armour (worn)
 w - a +0 cloak (worn)
Jewellery
 q - a +3 ring of dexterity (left hand)
Scrolls
 h - a scroll of teleportation {unknown}
 j - 2 scrolls of identify {unknown}
 k - a scroll of fog {unknown}
 r - a scroll of noise {unknown}
 s - a scroll of enchant weapon {unknown}
 t - 2 scrolls of enchant armour {unknown}
Potions
 l - a potion of agility {unknown}
 n - a potion of resistance {unknown}
 o - a potion of mutation {unknown}
 p - a potion of brilliance {unknown}
Comestibles
 c - a bread ration
 i - 7 fruits
 u - a chunk of flesh
 v - a royal jelly


   Skills:
 + Level 4.4 Fighting
 + Level 4.4 Long Blades
 + Level 0.8 Armour
 + Level 4.1 Dodging
 + Level 1.8 Stealth


You had 3 spell levels left.
You didn't know any spells.

Dungeon Overview and Level Annotations

Branches:
Dungeon (2/15)

Altars:


Innate Abilities, Weirdness & Mutations

Shadows flee at your approach. (+LOS)
You can swim through water.
You cover ground slowly.
You can hop short distances.


Message History

Press: ? - help, Shift-Dir - straight line, f - kobold
Aim: a kobold, wielding a dagger of speed You throw a javelin.
The javelin hits the kobold.
You kill the kobold!
Throwing (i - inventory):
m - a javelin (quivered)
Press: ? - help, Shift-Dir - straight line, f - adder
Aim: an adder You throw a javelin.
The javelin hits the adder.
The adder is lightly wounded.
The adder misses you.
You closely miss the adder.
The adder is lightly wounded.
The adder misses you.
You hit the adder but do no damage.
The adder is lightly wounded.
The adder completely misses you.
You miss the adder.
The adder is lightly wounded.
The adder bites you.
You die...

####.#...........'......#
..(......(.....###.......#
.....#(#<####.(###....#.##
##...#.#.# #.(.##....#.#
#..#.#.#.# #.#.#######.#
#....#.#.# #.#(#######.#
######.#.####.#.........
..#.......%..#####.
#.########.@.# #. ###S# r#
.. ..# %.# ..[ .#. .#..


You could see an adder and a rat.

Vanquished Creatures
  Terence (D:2)
  An adder (D:2)
  A dart slug (D:1)
  3 bats (D:1)
  A giant cockroach (D:1)
  6 goblins
  4 hobgoblins
  4 kobolds
  4 frilled lizards (D:1)
  4 rats (D:1)
29 creatures vanquished.

Notes
Turn   | Place    | Note
-------+----------+-------------------------------------------
     0 | D:1      | slep the Barachi Monk began the quest for the Orb.
     0 | D:1      | Reached XP level 1. HP: 18/18 MP: 1/1
    74 | D:1      | Reached XP level 2. HP: 17/25 MP: 2/2
   325 | D:1      | Reached XP level 3. HP: 30/30 MP: 3/3
   681 | D:2      | Noticed Terence
   717 | D:2      | HP: 1/30 [Terence/short sword (3)]
   720 | D:2      | Killed Terence
   720 | D:2      | Reached XP level 4. HP: 1/38 MP: 4/4
   725 | D:2      | Slain by an adder

Vault maps used:
D:1:      nicolae_arrival_memento_mori
D:2:      first_bread, uniq_crazy_yiuf_cottage, uniq_terence

Skill      XL: |  1  2  3 |
---------------+----------+-----
Fighting       | 4 |  4.4
Long Blades    | 4 |  4.4
Dodging        | 4 |  4.1
Armour         | |  0.8
Stealth        | |  1.8

Action                   |  1- 3 |  4- 6 || total
-------------------------+-------+-------++-------
Melee: Falchion          |   102 |     3 ||   105
Throw: Javelin           |       |     2 ||     2
  Use: Potion            |     2 |       ||     2
Armor: Robe              |     7 |       ||     7
       Leather armour    |    15 |       ||    15
Dodge: Dodged            |    77 |     4 ||    81
       Rpst.: Falchion   |    30 |       ||    30

Table legend:
 A = Spawn XP
 B = Non-spawn XP
 C = Spawn XP percentage of total XP
 D = Spawn monster count
 E = Non-spawn monster count
 F = Spawn count percentage of total count
 G = Total turns spent on level
                    A         B        C        D         E        F      G
               +---------+---------+-------+---------+---------+-------+---------
         Total |       0 |      93 |   0.0 |       0 |      29 |   0.0 |   725
               +---------+---------+-------+---------+---------+-------+---------
           D:1 |       0 |      36 |   0.0 |       0 |      22 |   0.0 |   518
           D:2 |       0 |      57 |   0.0 |       0 |       7 |   0.0 |   207
               +---------+---------+-------+---------+---------+-------+---------
